 Dungeon Crawl Stone Soup version 0.30-a0-1085-g990a428a5c (webtiles) character file.

Game seed: 11112821342161406358

108 jimonade the Grasshopper (level 4, -4/40 HPs)
             Began as a Naga Warper on Apr 16, 2023.
             Slain by a phantom (5 damage)
             ... on level 5 of the Dungeon.
             The game lasted 00:03:59 (2005 turns).

jimonade the Grasshopper (Naga Warper)              Turns: 2005, Time: 00:03:59

Health: -4/40      AC:  5    Str: 20    XL:     4   Next: 87%
Magic:  7/7        EV:  9    Int: 13    God:
Gold:   130        SH:  0    Dex: 12    Spells: 3/7 levels left

rFire   . . .      SeeInvis +    a - +0 mace
rCold   . . .      Faith    .    (no shield)
rNeg    . . .      Spirit   .    b - +0 leather armour
rPois   +          Reflect  .    A - +0 helmet
rElec   .          Rampage  .    (no cloak)
rCorr   .                        t - +0 pair of gloves
Will    +....                    (no barding)
Stlth   ++                       (no amulet)
HPRegen 0.26/turn                k - +6 ring of strength
MPRegen 0.10/turn                y - ring of willpower

@: very slow
A: AC +1, large, see invisible, deformed body, poison resistance, slowness 2,
spit poison 1, naga tail 1
a: Spit Poison


You were on level 5 of the Dungeon.
You visited 1 branch of the dungeon, and saw 5 of its levels.

You collected 130 gold pieces.

Inventory:

Hand Weapons
 a - a +0 mace (weapon)
 j - a +0 whip
 v - a +0 hand axe
Missiles
 d - 7 boomerangs of dispersal
Armour
 b - a +0 leather armour (worn)
 t - a +0 pair of gloves (worn)
 A - a +0 helmet (worn)
Jewellery
 k - a +6 ring of strength (left hand)
 y - a ring of willpower (right hand)
Scrolls
 c - a scroll of blinking
 f - a scroll of poison {unknown}
 i - 3 scrolls of identify {unknown}
 m - a scroll of noise {unknown}
 n - a scroll of torment {unknown}
 o - 2 scrolls of amnesia {unknown}
 u - a scroll of teleportation {unknown}
 x - a scroll of brand weapon {unknown}
Potions
 e - 2 potions of curing {unknown}
 g - a potion of degeneration {unknown}
 h - a potion of lignification {unknown}
 l - a potion of might {unknown}
 p - a potion of invisibility {unknown}
 q - a potion of mutation {unknown}
 r - a potion of berserk rage {unknown}
 s - a potion of brilliance {unknown}
 w - a potion of heal wounds {unknown}
 z - a potion of ambrosia {unknown}


   Skills:
 + Level 2.8 Fighting
 + Level 2.5 Maces & Flails
 + Level 0.8 Throwing
 + Level 1.9 Armour
 + Level 1.8 Dodging
 + Level 2.2 Stealth
 + Level 2.1 Spellcasting
 * Level 3.4 Translocations


You had 3 spell levels left.
You knew the following spells:

 Your Spells              Type           Power      Damage    Failure   Level
a - Blink                 Tloc           20%        N/A       11%         2
b - Lesser Beckoning      Tloc           20%        N/A       11%         2

Your spell library contained the following spells:

 Spells                   Type           Power      Damage    Failure   Level
 Teleport Other           Tloc           10%        N/A       22%         3
 Vhi's Electric Charge    Tloc/Air       10%        N/A       41%         3
 Manifold Assault         Tloc           10%        N/A       56%         4


Dungeon Overview and Level Annotations

Branches:
Dungeon (6/15)
 Temple: D:4-7

Altars:


Innate Abilities, Weirdness & Mutations

Your serpentine skin is tough. (AC +1)
You have supernaturally acute eyesight. (SInv)
Armour fits poorly on your strangely shaped body.
Your system is resistant to poisons. (rPois)
You cover ground very slowly.
You can spit poison.
You have a snake-like lower body.


Message History

You closely miss the phantom.
The phantom is heavily damaged.
The phantom hits you but does no damage.
The phantom hits you!
The phantom blinks!
You blink.
You closely miss the phantom.
The phantom is heavily damaged.
The phantom barely misses you.
You hit the phantom.
The phantom is heavily damaged.
The phantom hits you.
You hit the phantom but do no damage.
The phantom is heavily damaged.
The phantom hits you but does no damage.
The phantom closely misses you.
You hit the phantom.
The phantom is severely damaged.
The phantom hits you.
* * * LOW HITPOINT WARNING * * *
You closely miss the phantom.
The phantom is severely damaged.
The phantom barely misses you.
You barely miss the phantom.
The phantom is severely damaged.
The phantom barely misses you.
You hit the phantom.
The phantom is severely damaged.
The phantom hits you.
* * * LOW HITPOINT WARNING * * *
The phantom hits you.
* * * LOW HITPOINT WARNING * * *
The phantom blinks!
You blink.
You closely miss the phantom.
The phantom is severely damaged.
The phantom hits you but does no damage.
You closely miss the phantom. You punch the phantom.
The phantom is almost destroyed.
The phantom hits you.
* * * LOW HITPOINT WARNING * * *
The phantom blinks!
You blink.
The phantom hits you.
You die...

.. #. .#.##.. ..#.
##...#.
..#.###......
...........#
.........# ## ..
##......##.##.. .
##.............
..#....§@>.....###
........§.W.[......
...................
................#.
...$.........?###
.............##
..####.......# ..
.........#
.#.........


You could see a phantom.

Vanquished Creatures
  5 adders
  A worm (D:2)
  2 dart slugs
  2 orcs
  11 bats
  3 endoplasms (D:2)
  2 giant cockroaches
  7 hobgoblins
  4 jackals (D:2)
  5 ball pythons
  3 frilled lizards
  3 goblins
  5 kobolds
  3 rats
56 creatures vanquished.

Notes
Turn   | Place    | Note
-------+----------+-------------------------------------------
     0 | D:1      | jimonade the Naga Warper began the quest for the Orb.
     0 | D:1      | Reached XP level 1. HP: 19/19 MP: 3/3
    95 | D:1      | Reached skill level 1 in Armour
   139 | D:1      | Reached XP level 2. HP: 27/27 MP: 5/5
   887 | D:2      | Reached skill level 1 in Stealth
   887 | D:2      | Reached XP level 3. HP: 26/33 MP: 6/6
  1257 | D:2      | Reached XP level 4. HP: 22/40 MP: 7/7
  1337 | D:2      | Found a faded altar of an unknown god.
  1730 | D:3      | Learned a level 2 spell: Blink
  1733 | D:3      | Learned a level 2 spell: Lesser Beckoning
  1956 | D:3      | You fall into a shaft and drop 3 floors!
  1980 | D:5      | Entered Level 5 of the Dungeon
  1980 | D:5      | Noticed a phantom
  2005 | D:5      | HP: 1/40 [phantom (5)]
  2005 | D:5      | Slain by a phantom

Illustrated notes

Levels and vault maps discovered:
D:1:      dpeg_arrival_more_subterranean_lakeside_camping, layout_basic
D:2:      layout_loops_ring, ebering_ecumenical_altar_box
D:3:      layout_basic
D:5:      layout_cave_pools, mainiacjoe_overflow_brackets,
          hangedman_decor_slide_cut, wad_floor_pattern_untrapped
D:6:      layout_cave_pools, mainiacjoe_overflow_cross_hatched,
          mainiacjoe_overflow_alcove_1, uniq_sigmund, uniq_prince_ribbit1

Skill      XL: |  1  2  3  4 |
---------------+-------------+-----
Armour         | 1 |  1.9
Stealth        | 1 2 |  2.2
Fighting       | |  2.8
Maces & Flails | |  2.5
Throwing       | |  0.8
Dodging        | |  1.8
Spellcasting   | |  2.1
Translocations | |  3.4

Action                     |  1- 3 |  4- 6 || total
---------------------------+-------+-------++-------
  Melee: Mace              |   115 |    60 ||   175
         Punch             |     3 |     1 ||     4
   Cast: Lesser Beckoning  |       |     1 ||     1
Ability: Spit Poison       |     3 |    13 ||    16
   Stab: Distracted        |     1 |       ||     1
 Armour: Leather armour    |    39 |    19 ||    58
  Dodge: Dodged            |    69 |    24 ||    93

Table legend: (Time is in decaauts)
 A = Elapsed time spent in this place.
 B = Non-inter-level travel time spent in this place.
 C = Inter-level travel time spent in this place.
 D = Time resting spent in this place.
 E = Time spent auto-exploring this place.
 F = Levels seen in this place.
 G = Mean time per level.
                   A        B        C        D        E       F      G
               +--------+--------+--------+--------+--------+-----+--------+
         Total |   2592 |   2513 |     79 |     79 |   1753 |   5 |  518.4 |
       Dungeon |   2592 |   2513 |     79 |     79 |   1753 |   5 |  518.4 |
               +--------+--------+--------+--------+--------+-----+--------+

Top non-repeatable levels by time:
     D:1: 1252 daAuts
     D:2: 973 daAuts
     D:3: 306 daAuts
     D:5: 30 daAuts
     D:6: 29 daAuts
